 Dungeon Crawl Stone Soup version 0.30-a0-394-g3e4acdb0ae (webtiles) character file.

Game seed: 3075528632471333968

29556 retardedninja the Severer (level 13, -1/126 HPs)
             Began as a Hill Orc Fighter on Dec 6, 2022.
             Was an Initiate of Gozag.
             Killed from afar by a starcursed mass (19 damage)
             ... with an accursed screaming
             ... on level 2 of the Abyss.
             The game lasted 00:31:05 (18349 turns).

retardedninja the Severer (Hill Orc Fighter)       Turns: 18349, Time: 00:31:06

Health: -1/126     AC: 33    Str: 24      XL:     13   Next: 46%
Magic:  13/13      EV:  8    Int:  9 (13) God:    Gozag
Gold:   1654       SH:  0    Dex: 10      Spells: 12/12 levels left

rFire   . . .      SeeInvis .    n - +3 battleaxe (freeze)
rCold   . . .      Faith    .    (shield currently unavailable)
rNeg    . . .      Spirit   .    y - +11 chain mail "Iciuf" {Int+3 Stlth+}
rPois   .          Reflect  .    e - +2 helmet
rElec   +          Harm     .    A - +0 cloak "Useng" {Will++ Regen+}
rCorr   .          Rampage  .    (no gloves)
Will    ++...                    (no boots)
Stlth   ..........               B - amulet of Egomania {Fragile rElec Regen+ Int+2 Slay+3}
HPRegen 0.00/turn                l - +4 ring of protection
MPRegen 0.13/turn                (no ring)

@: sick
A: no striking features
a: Renounce Religion, Potion Petition, Call Merchant, Bribe Branch


You were on level 2 of the Abyss.
You worshipped Gozag.
Gozag was most pleased with you.
You visited 3 branches of the dungeon, and saw 15 of its levels.
You visited the Abyss 1 time.
You also visited: Ossuary.

You collected 2771 gold pieces.
You spent 150 gold pieces at shops.
You paid 967 gold pieces to Gozag.

Inventory:

Hand Weapons
 a - a +2 war axe
 n - a +3 battleaxe of freezing (weapon)
Missiles
 c - 2 javelins
 f - 128 stones
 q - a throwing net
Armour
 e - a +2 helmet (worn)
 y - the +11 chain mail "Iciuf" (worn) {Int+3 Stlth+}
   (You found it on level 6 of the Dungeon)

   Int:       It affects your intelligence (+3).
   Stlth:     It makes you more stealthy.
 A - the +0 cloak "Useng" (worn) {Will++ Regen+}
   (You found it on level 4 of the Lair of Beasts)

   Regen:     It increases your rate of health regeneration.
   Will:      It greatly increases your willpower.
Jewellery
 l - a +4 ring of protection (left hand)
 x - a ring of see invisible
 B - the amulet of Egomania (around neck) {Fragile rElec Regen+ Int+2 Slay+3}
   (You took it off an orc warrior on level 10 of the Dungeon)

   [amulet of regeneration]

   Int:       It affects your intelligence (+2).
   Slay:      It affects your accuracy & damage with ranged weapons and melee
   (+3).
   rElec:     It insulates you from electricity.
   Regen:     It increases your rate of health regeneration.
   Fragile:   It will be destroyed if unequipped.
 G - a ring of fire
 I - a +4 ring of protection
Wands
 b - a wand of charming (24)
 j - a wand of polymorph (4)
 p - a wand of roots (20)
 s - a wand of digging (9)
Scrolls
 h - 4 scrolls of vulnerability
 i - 4 scrolls of identify
 o - 2 scrolls of magic mapping
Potions
 d - 3 potions of flight
 k - a potion of mutation
 t - 9 potions of lignification
 u - a potion of magic
 v - 6 potions of brilliance
 w - 4 potions of attraction
 C - 2 potions of cancellation
Miscellaneous
 H - a phial of floods


   Skills:
 + Level 15.1 Fighting
 + Level 16.1 Axes
 + Level 13.9 Armour
 - Level 8.7 Shields


You had 12 spell levels left.
You didn't know any spells.
Your spell library contained the following spells:

 Spells                   Type           Power      Damage    Failure   Level
 Kiss of Death            Conj/Necr      0%         2d5       87%         1
 Shock                    Conj/Air       0%         1d3       87%         1
 Slow                     Hex            0%         N/A       87%         1
 Ensorcelled Hibernation  Hex/Ice        0%         N/A       95%         2
 Scorch                   Fire           0%         2d5       95%         2
 Confusing Touch          Hex            0%         N/A       99%         3
 Dazzling Flash           Conj/Hex       0%         N/A       99%         3
 Inner Flame              Hex/Fire       0%         N/A       99%         3
 Spider Form              Tmut/Pois      0%         N/A       99%         3
 Stone Arrow              Conj/Erth      0%         3d7       99%         3
 Tukima's Dance           Hex            0%         N/A       99%         3
 Vampiric Draining        Necr           0%         2d6       99%         3
 Anguish                  Hex/Necr       0%         N/A       100%        4
 Animate Armour           Summ/Erth      0%         N/A       100%        4
 Cause Fear               Hex            0%         N/A       100%        4
 Dispel Undead            Necr           0%         3d6       100%        4
 Flame Wave               Conj/Fire      0%         2d4       100%        4
 Passage of Golubria      Tloc           0%         N/A       100%        4
 Agony                    Necr           0%         N/A       100%        5
 Silence                  Hex/Air        0%         N/A       100%        5
 Yara's Violent Unravell  Hex/Tmut       0%         3d3       100%        5
 Summon Cactus Giant      Summ           0%         N/A       100%        6
 Discord                  Hex            0%         N/A       100%        8
 Lehudib's Crystal Spear  Conj/Erth      0%         10d2      100%        8


Dungeon Overview and Level Annotations

Branches:
Dungeon (10/15)            Temple (1/1) D:4            Lair (4/5) D:9
  Swamp (0/4) Lair:3        Snake (0/4) Lair:2          Orc (0/2) D:9
Ossuary (visited)
  Slime: Lair:4-5

Altars:
Dithmenos
Elyvilon
Gozag
Hepliaklqana
Kikubaaqudgha
Qazlal
Sif Muna
Trog
Uskayaw
Wu Jian
Xom
Yredelemnul
Zin
The Shining One

Shops:
D:1 *   D:6 =

Annotations:
D:10 Lodul
Lair:4 Sonja


Message History

The large abomination hits you!
* * * LOW HITPOINT WARNING * * *
The starcursed mass is no longer distracted by gold.
The raiju barely misses you.
The glowing orange brain pulsates.
You feel dopey. Something feeds on your intellect!
A starcursed mass splits.
The starcursed mass is distracted by your dazzling golden aura. x2
A neqoxec comes into view.
A brown very ugly thing comes into view.
The brown very ugly thing gurgles horribly!
The raiju attacks as you move away! The raiju bites you but does no damage.
The starcursed mass is no longer distracted by gold. x2
The starcursed mass touches you but does no damage.
The glowing orange brain pulsates.
Something tries to feed on your intellect!
The starcursed mass attacks as you move away!
The starcursed mass touches you.
* * * LOW HITPOINT WARNING * * *
The starcursed mass attacks as you move away!
The starcursed mass barely misses you.
A starcursed mass splits.
The glowing orange brain pulsates.
The glowing orange brain radiates an aura of fear!
You are terrified of the glowing orange brain!
The raiju attacks as you move away! The raiju bites you but does no damage.
You are no longer terrified.
A cacophony of accursed wailing tears at your sanity!
* * * LOW HITPOINT WARNING * * *
The raiju attacks as you move away! The raiju bites you but does no damage.
The starcursed mass is no longer distracted by gold.
A cacophony of accursed wailing tears at your sanity!
* * * LOW HITPOINT WARNING * * *
You feel better. The raiju bites you but does no damage.
You feel better. The raiju barely misses you.
The raiju attacks as you move away! The raiju barely misses you.
A cacophony of accursed wailing tears at your sanity!
* * * LOW HITPOINT WARNING * * *
A cacophony of accursed wailing tears at your sanity!
You die...
Your body crumbles into a pile of gold.

.. . . # ..#. .#
~ .#~~~ ..# ~
~~~# #.. ~#≈~≈.
~~###.# ~≈#~~~..
#.#.# ~ ~~~~~..
#.@# #..
#≈≈~..~.###h#...#
#
~~~♣≈.###X..##.#
#. ~~~X.
#.X##......
#.##.##3XuX#
.#...... ..#.
#XX##.#....#...
#. .
..X#.#...#..# ##
###....X.######.
# #..##.$# # .


You could see 8 starcursed masses, a brown very ugly thing and a raiju
(summoned).

Vanquished Creatures
  Gastronok (D:8)
  Josephine (D:10)
  2 hydras (Lair:2)
  A two-headed ogre (D:8)
  6 death yaks
  A boulder beetle (Lair:1)
  Pikel (D:7)
  A necromancer (Lair:3)
  Maurice (D:10)
  5 black mambas
  5 elephants (Lair:2)
  Joseph (D:7)
  7 cane toads
  5 komodo dragons
  3 rime drakes
  An ancient zyme (Abyss:2)
  A hellwing (Abyss:2)
  A hornet (D:9)
  Prince Ribbit (D:5)
  10 blink frogs
  3 wraiths (D:10)
  2 flying skulls (Abyss:2)
  2 wyverns
  2 basilisks
  12 yaks
  2 hogs (D:10)
  2 steam dragons
  Edmund (D:5)
  A large abomination (Abyss:2)
  Menkaure (Ossuary)
  A naga (Lair:2)
  4 water moccasins
  3 swamp worms (Lair:3)
  9 orc warriors
  A sky beast (D:6)
  3 black bears (D:10)
  2 ice beasts (D:9)
  2 ogres
  11 wolves
  3 centaurs (D:9)
  2 elephant zombies (Lair:3)
  2 komodo dragon zombies (Lair:3)
  A kobold brigand (D:8)
  8 bullfrogs
  A small abomination (Abyss:2)
  A scorpion (D:5)
  2 necrophages
  5 wights (D:8)
  3 killer bees (D:8)
  A howler monkey (D:8)
  5 electric eels
  A basilisk zombie (Lair:3)
  A gnoll bouda (D:7)
  14 orc priests
  4 hounds
  10 orc wizards
  Natasha (thrice) (D:3)
  3 iguanas
  3 mummies (Ossuary)
  8 adders
  4 gnolls (D:7)
  2 shadow imps
  2 dart slugs
  31 orcs
  6 endoplasms
  3 giant cockroaches (D:4)
  6 goblins
  5 hobgoblins
  3 jackals (D:4)
  3 quokkas
  8 ball pythons
  3 bats
  3 frilled lizards
  2 gnoll skeletons (Ossuary)
  3 gnoll zombies (Ossuary)
  A goblin skeleton (Ossuary)
  5 goblin zombies (Ossuary)
  7 hobgoblin skeletons (Ossuary)
  8 hobgoblin zombies (Ossuary)
  11 kobolds
  3 kobold skeletons (Ossuary)
  4 kobold zombies (Ossuary)
  7 orc skeletons (Ossuary)
  2 orc zombies (Ossuary)
  7 rats
  5 rat skeletons (Ossuary)
  3 rat zombies (Ossuary)
347 creatures vanquished.

Vanquished Creatures (collateral kills)
  An ogre (D:10)
1 creature vanquished.

Vanquished Creatures (others)
  A quasit (Abyss:2)
  An orc (D:7)
  13 fungi
  38 plants
53 creatures vanquished.

Grand Total: 401 creatures vanquished

Notes
Turn   | Place    | Note
-------+----------+-------------------------------------------
     0 | D:1      | retardedninja the Hill Orc Fighter began the quest for the
                  | Orb.
     0 | D:1      | Reached XP level 1. HP: 19/19 MP: 1/1
   134 | D:1      | Reached skill level 3 in Axes
   134 | D:1      | Reached XP level 2. HP: 27/27 MP: 2/2
   442 | D:1      | Found Deqeijots's Assorted Antiques.
   852 | D:2      | Found a faded altar of an unknown god.
   870 | D:2      | Reached XP level 3. HP: 33/33 MP: 3/3
   875 | D:2      | Got Plato's Treatise on the Wind
  1804 | D:3      | Noticed Natasha
  1815 | D:3      | Killed Natasha
  1816 | D:3      | Reached XP level 4. HP: 16/41 MP: 4/4
  1847 | D:3      | Noticed Natasha
  1859 | D:3      | Killed Natasha
  2304 | D:3      | Reached skill level 4 in Axes
  2414 | D:3      | Reached XP level 5. HP: 47/47 MP: 5/5
  2449 | D:3      | Noticed Natasha
  2466 | D:3      | Killed Natasha
  4063 | D:4      | Found a sand-covered staircase.
  4148 | Ossuary  | Entered an ossuary
  4310 | Ossuary  | Reached skill level 5 in Fighting
  4472 | Ossuary  | Reached XP level 6. HP: 43/56 MP: 6/6
  4529 | Ossuary  | Noticed Menkaure
  4535 | Ossuary  | Killed Menkaure
  4536 | Ossuary  | Reached skill level 5 in Axes
  4762 | D:4      | Reached skill level 5 in Armour
  4762 | D:4      | Reached skill level 5 in Shields
  4762 | D:4      | Reached XP level 7. HP: 54/61 MP: 7/7
  4793 | D:4      | Found a staircase to the Ecumenical Temple.
  4840 | Temple   | Entered the Ecumenical Temple
  4866 | Temple   | Became a worshipper of Gozag Ym Sagoz the Greedy
  4960 | D:4      | Found an ancient bone altar of Kikubaaqudgha.
  6025 | D:5      | Entered Level 5 of the Dungeon
  6155 | D:5      | Noticed Prince Ribbit
  6187 | D:5      | Killed Prince Ribbit
  6188 | D:5      | Reached skill level 6 in Axes
  6833 | D:5      | Reached XP level 8. HP: 35/70 MP: 8/8
  7494 | D:5      | Noticed Edmund
  7515 | D:5      | Killed Edmund
  8112 | D:6      | Identified the +11 chain mail "Iciuf" {Int+3 Stlth+}
  8119 | D:6      | Reached skill level 7 in Axes
  8161 | D:6      | Found Judyunaw's Jewellery Boutique.
  9173 | D:1      | Bought a runed helmet for 150 gold pieces
  9449 | D:7      | Reached XP level 9. HP: 38/80 MP: 9/9
  9656 | D:7      | Reached skill level 8 in Axes
  9673 | D:7      | Noticed Joseph
 10129 | D:7      | Found a white marble altar of Elyvilon.
 10150 | D:7      | Killed Joseph
 10522 | D:7      | Noticed Pikel
 10529 | D:7      | Killed Pikel
 10603 | D:7      | Identified the +6 dagger "Yrix" {freeze, +Blink Str+2 SInv}
 10974 | D:8      | Reached skill level 9 in Axes
 11074 | D:8      | Noticed a two-headed ogre
 11082 | D:8      | Killed a two-headed ogre
 11083 | D:8      | Reached XP level 10. HP: 90/91 MP: 10/10
 11547 | D:8      | Noticed Gastronok
 11563 | D:8      | Killed Gastronok
 11564 | D:8      | Reached skill level 10 in Fighting
 11564 | D:8      | Reached skill level 10 in Axes
 11954 | D:9      | Reached skill level 11 in Axes
 12006 | D:9      | Found a staircase to the Lair.
 12457 | D:9      | Reached XP level 11. HP: 80/101 MP: 11/11
 12488 | D:9      | Reached skill level 10 in Armour
 13569 | D:9      | Found a staircase to the Orcish Mines.
 13680 | D:10     | Entered Level 10 of the Dungeon
 13705 | D:10     | Reached skill level 12 in Axes
 13752 | D:10     | Noticed Maurice
 13767 | D:10     | Killed Maurice
 13799 | D:10     | Noticed Josephine
 13812 | D:10     | Killed Josephine
 13997 | D:10     | Identified the amulet of Egomania {Fragile rElec Regen+
                  | Int+2 Slay+3}
 14270 | D:10     | Noticed Lodul
 14339 | Lair:1   | Entered Level 1 of the Lair of Beasts
 14408 | Lair:1   | Reached skill level 13 in Axes
 14524 | Lair:1   | Identified the +0 cloak of Filigreed Beauty {*Slow Fly rC++
                  | Stlth+}
 14531 | Lair:1   | Noticed a boulder beetle
 14544 | Lair:1   | Killed a boulder beetle
 14646 | Lair:1   | Reached XP level 12. HP: 113/113 MP: 12/12
 15317 | Lair:2   | Found a staircase to the Snake Pit.
 15648 | Lair:2   | Noticed a four-headed hydra
 15667 | Lair:2   | Killed a 12-headed hydra
 15668 | Lair:2   | Reached skill level 14 in Axes
 15908 | Lair:2   | Noticed a four-headed hydra
 15914 | Lair:2   | Killed a seven-headed hydra
 16512 | Lair:3   | Noticed a death yak
 16512 | Lair:3   | Noticed a death yak
 16513 | Lair:3   | Noticed a death yak
 16513 | Lair:3   | Noticed a death yak
 16516 | Lair:3   | Noticed a death yak
 16517 | Lair:3   | Noticed a death yak
 16560 | Lair:2   | Killed a death yak
 16957 | Lair:2   | Killed a death yak
 16970 | Lair:2   | Killed a death yak
 16971 | Lair:2   | Reached skill level 15 in Axes
 16983 | Lair:2   | Killed a death yak
 17016 | Lair:3   | Killed a death yak
 17017 | Lair:3   | Reached XP level 13. HP: 116/125 MP: 13/13
 17242 | Lair:3   | Found a staircase to the Swamp.
 17759 | Lair:4   | Identified the +0 cloak "Useng" {Will++ Regen+}
 17912 | Lair:4   | Reached skill level 16 in Axes
 17927 | Lair:4   | Reached skill level 15 in Fighting
 18012 | Lair:4   | Noticed Sonja
 18015 | Abyss:2  | Cast into level 2 of the Abyss (Sonja)
 18065 | Abyss:2  | Noticed an Executioner
 18141 | Abyss:2  | Noticed a green death
 18341 | Abyss:2  | Noticed a brown very ugly thing
 18349 | Abyss:2  | Killed from afar by a starcursed mass

Illustrated notes

Levels and vault maps discovered:
D:1:      heliophobic_arrival_enchanted_forest, layout_basic, serial_shops,
          shop, due_unseen_surprise
D:2:      layout_rooms, shapermc_ecumenical_altar_rom_forum
D:3:      layout_loops_ring, uniq_natasha
D:4:      layout_basic, nicolae_kikubaaqudgha_miasma_corner, temple_statues,
          nicolae_ossuary_entry_monument, chequers_garden
D:5:      layout_basic, uniq_edmund, uniq_menkaure, uniq_prince_ribbit1
D:6:      layout_loops_ring, serial_shops, shop, minmay_misc_feat_hallway
D:7:      layout_cave_pools, mainiacjoe_overflow_tiny_flanked, lightli_minifort,
          uniq_joseph, uniq_pikel
D:8:      layout_cave_pods, uniq_gastronok
D:9:      layout_basic, hellmonk_lair_entry_icy, david_orc_4,
          nicolae_two_hexagons, hangedman_decor_peaks_small
D:10:     kennysheep_town, uniq_maurice, uniq_josephine, uniq_snorg, uniq_lodul
Temple:   nicolae_temple_bog_church
Lair:1:   layout_cave_pods, minivault_26, nzn_sisyphean_effort,
          lemuel_fruit_tree, grunt_megastairs_4
Lair:2:   layout_cellular_growth, guppyfry_snake_entry_island,
          infiniplex_staircase_pool_2
Lair:3:   pond_and_an_island_with_a_cottage, layout_long_grid,
          nicolae_swamp_entry_splash_gauntlet, serial_bayou_shore_a,
          serial_bayou_shore_b, infiniplex_staircase_pool
Lair:4:   layout_gridlike, uniq_sonja
Abyss:2:  base: Lair:4, evilmike_abyss_exit_10, minivault_25_ag, minivault_25,
          minivault_19

Skill      XL: |  1  2  3  4  5  6  7  8  9 10 11 12 13 |
---------------+----------------------------------------+-----
Axes           | 3 4 5 6 7 9 11 13 15 16 | 16.1
Fighting       | 4 5 6 7 9 10 12 14 15 | 15.1
Armour         | 4 5 6 8 9 11 13 | 13.9
Shields        | 4 5 7 8 |  8.7

Action                   |  1- 3 |  4- 6 |  7- 9 | 10-12 | 13-15 || total
-------------------------+-------+-------+-------+-------+-------++-------
Melee: War axe           |   104 |   193 |   274 |    28 |       ||   599
       Battleaxe         |       |       |       |   349 |   163 ||   512
Throw: Stone             |       |    17 |       |     1 |       ||    18
       Javelin           |       |       |       |    11 |       ||    11
Invok: Potion Petition   |       |       |       |     2 |       ||     2
Evoke: Wand              |       |       |     9 |    19 |       ||    28
  Use: Potion            |     2 |     2 |     5 |     7 |     7 ||    23
       Scroll            |       |     1 |    26 |     5 |     4 ||    36
 Stab: Invisible         |       |       |     1 |       |       ||     1
       Distracted        |       |       |       |     1 |     3 ||     4
Armor: Scale mail        |    52 |    75 |    31 |       |       ||   158
       Chain mail        |       |       |   145 |   379 |   310 ||   834
       Plate armour      |       |       |     4 |       |       ||     4
Dodge: Dodged            |    59 |    74 |   107 |   177 |   123 ||   540
Block: Buckler           |    26 |    38 |    67 |     2 |       ||   133

Table legend: (Time is in decaauts)
 A = Elapsed time spent in this place.
 B = Non-inter-level travel time spent in this place.
 C = Inter-level travel time spent in this place.
 D = Time resting spent in this place.
 E = Time spent auto-exploring this place.
 F = Levels seen in this place.
 G = Mean time per level.
                   A        B        C        D        E       F      G
               +--------+--------+--------+--------+--------+-----+--------+
         Total |  18571 |  18007 |    564 |   5381 |   9524 |  17 | 1092.4 |
       Dungeon |  14040 |  13592 |    448 |   5100 |   6618 |  10 | 1404.0 |
        Temple |     37 |     23 |     14 |      0 |     16 |   1 |   37.0 |
          Lair |   3651 |   3550 |    101 |    281 |   2556 |   4 |  912.8 |
         Abyss |    333 |    333 |      0 |      0 |     73 |   1 |  333.0 |
       Ossuary |    509 |    509 |      0 |      0 |    261 |   1 |  509.0 |
               +--------+--------+--------+--------+--------+-----+--------+

Top non-repeatable levels by time:
     D:3: 2308 daAuts
     D:5: 2009 daAuts
     D:9: 1807 daAuts
     D:4: 1663 daAuts
     D:6: 1548 daAuts
  Lair:2: 1289 daAuts
  Lair:3: 1180 daAuts
     D:7: 1132 daAuts
     D:8: 1091 daAuts
     D:2: 945 daAuts
  Lair:1: 912 daAuts
     D:1: 870 daAuts
    D:10: 662 daAuts
 Ossuary: 509 daAuts
 Abyss:2: 333 daAuts
